 Dungeon Crawl Stone Soup version 0.17-a0-155-g14e20c2 (webtiles) character file.

105320 HAL9000 the Peltast (level 15, -18/136 HPs)
             Began as a Minotaur Fighter on Mar 25, 2015.
             Was a High Priest of Okawaru.
             Demolished by Nikola
             ... wielding a +3 rapier of electrocution
              (19 damage)
             ... while paralysed by Nikola
             ... on level 1 of the Snake Pit.
             The game lasted 01:51:57 (32930 turns).

HAL9000 the Peltast (Minotaur Fighter)             Turns: 32930, Time: 01:51:57

Health: -18/136    AC: 24    Str: 28    XL:     15   Next: 94%
Magic:  9/14       EV:  2    Int: 10    God:    Okawaru [*****.]
Gold:   1609       SH:  0    Dex: 20    Spells: 0 memorised, 14 levels left

rFire  + . .     SeeInvis .     s - +10 sword of Jihad {god gift, holy, *Rage rN+ EV+3 Stlth-}
rCold  . . .     Rnd*Rage +     d - +4 scale mail {rF+} {god gift}
rNeg   + + +     SustAb   +     p - +0 large shield "Ykhlaen" {god gift, rN+}
rPois  +         Gourm    .     D - +0 hat
rElec  .         Spirit   .     T - +2 cloak
rCorr  .         Warding  .     W - +2 pair of gloves
rMut   .         Stasis   .     S - +0 pair of boots
MR     +....                    (no amulet)
Stlth  ++........               H - ring "Masovecuu" {SustAb rPois rN+ Int+5 Stlth+}
                                x - +4 ring of dexterity

@: paralysed, mighty, heroism, finesse, very slightly contaminated, hasted,
somewhat resistant to hostile enchantments, unstealthy
A: retaliatory headbutt, horns 2, agile 1, sense surroundings 1, regeneration 1
a: Heroism, Finesse, Renounce Religion


You were on level 1 of the Snake Pit.
You worshipped Okawaru.
Okawaru was extremely pleased with you.
You were hungry.

You visited 5 branches of the dungeon, and saw 29 of its levels.
You also visited: Volcano.

You collected 2680 gold pieces.
You spent 1071 gold pieces at shops.

Inventory:

Hand weapons
 s - the +10 sword of Jihad (weapon) {god gift, holy, *Rage rN+ EV+3 Stlth-}
   (Okawaru gifted it to you on level 14 of the Dungeon)

   It has been blessed by the Shining One to cause great damage to the undead
   and demons.
   It affects your evasion (+3).
   It protects you from negative energy.
   It may make you go berserk in combat.
   It makes you less stealthy.
 G - a +4 double sword of flaming {god gift}
Missiles
 r - 3 steel javelins (quivered)
 t - 17 silver javelins
 V - 5 javelins
 Z - 4 javelins of returning
Armour
 d - a +4 scale mail of fire resistance (worn) {god gift}
 p - the +0 large shield "Ykhlaen" (worn) {god gift, rN+}
   (Okawaru gifted it to you on level 15 of the Dungeon)

   It protects you from negative energy.
 D - a +0 hat (worn)
 S - a +0 pair of boots (worn)
 T - a +2 cloak (worn)
 W - a +2 pair of gloves (worn)
Jewellery
 i - an uncursed ring of protection from magic
 x - a +4 ring of dexterity (left hand)
 z - an uncursed ring of flight
 H - the ring "Masovecuu" (right hand) {SustAb rPois rN+ Int+5 Stlth+}
   (You found it on level 7 of the Dungeon)

   [ring of sustain abilities]

   It sustains your strength, intelligence and dexterity.
   It affects your intelligence (+5).
   It protects you from poison.
   It protects you from negative energy.
   It makes you more stealthy.
 R - an uncursed ring of positive energy
 U - an uncursed ring of protection from cold
Magical devices
 f - a wand of hasting (1)
 h - a wand of invisibility (4)
 N - a wand of digging (17)
 O - a wand of teleportation (3)
 Q - a wand of hasting (9)
 X - a wand of fireball (7)
Scrolls
 c - a scroll of amnesia
 g - 2 scrolls of fog
 m - a scroll of magic mapping
 y - 8 scrolls of teleportation
 C - 8 scrolls of blinking
 I - 8 scrolls of remove curse
 Y - 4 scrolls of fear
Potions
 a - a potion of restore abilities {unknown}
 e - 4 potions of might
 k - 5 potions of heal wounds
 l - 3 potions of resistance
 n - 2 potions of invisibility
 o - 5 potions of agility
 u - 4 potions of haste
 v - 4 potions of berserk rage
 B - 7 potions of curing
 K - a potion of cancellation
 L - 2 potions of brilliance
 M - a potion of magic
Miscellaneous
 b - a fan of gales
Comestibles
 j - 11 beef jerkies
 A - 7 meat rations
 J - 2 fruits


   Skills:
 - Level 13.5(18.5) Fighting
 - Level 16.3(21.3) Long Blades
 - Level 10.4(15.4) Throwing
 + Level 14.3(19.3) Armour
 + Level 4.0(9.0) Dodging
 + Level 17.9(22.9) Shields
 + Level 3.3 Invocations


You had 14 spell levels left.
You didn't know any spells.

Dungeon Overview and Level Annotations

Branches:
Dungeon (15/15)            Temple (1/1) D:7            Lair (8/8) D:8
 Shoals (0/5) Lair:4        Snake (1/5) Lair:5        Slime (0/6) Lair:8
    Orc (4/4) D:12            Elf (0/3) Orc:4        Vaults (0/5) D:14
 Depths (0/5) D:15

Altars:
Ashenzari
Cheibriados
Dithmenos
Elyvilon
Fedhas
Gozag
Kikubaaqudgha
Makhleb
Nemelex Xobeh
Okawaru
Qazlal
Ru
Sif Muna
Trog
Vehumet
Xom
Yredelemnul
Zin
The Shining One
Beogh
Jiyva

Shops:
D:5 =   D:9 *   D:10 [=:   D:12 :   D:14 !   Orc:1 (%   Orc:4 (??=

Annotations:
Lair:5 exclusion: oklob plant
Snake:1 Nikola


Innate Abilities, Weirdness & Mutations

You reflexively headbutt those who attack you in melee.
You have a pair of horns on your head.
You are agile. (Dex +2)
You passively map a small area around you.
Your natural rate of healing is unusually fast.


Message History

The shock serpent completely resists.
The bolt of electricity hits the water moccasin.
The water moccasin dies!
The shock serpent bites you but does no damage.
Nikola mumbles some strange words.
You hear a mighty clap of thunder!
The lightning arc hits you!
The lightning arc hits the shock serpent.
The shock serpent completely resists.
The lightning arc hits you!
* * * LOW HITPOINT WARNING * * *
The lightning arc hits Nikola.
The lightning arc hits the shock serpent.
The shock serpent completely resists.
The lightning arc hits you!
* * * LOW HITPOINT WARNING * * *
The shock serpent bites you but does no damage.
The shock serpent bites you but does no damage.
Nikola hits you with a rapier of electrocution.
* * * LOW HITPOINT WARNING * * *
You are electrocuted!
You die...

* * ########### #..........#
#..........#
#############..........#
###...........#.....?....# * .
#............@@....!.....###..
#.#....)..[..S#...............
#.......8....†.........!..#...
#....8.[<..8.......÷...N>.....
#...............#########.##..
##.........)....# * ,.#
#..8...8...8...# ##
#.............## ** *
#.............# *


You could see Nikola and a shock serpent.

Vanquished Creatures
  Rupert (D:15)
  An ettin (Orc:4)
  4 vault guards (D:14)
  2 fire dragons (D:15)
  2 centaur warriors
  A naga warrior (Lair:5)
  10 hydras
  Erica (Lair:8)
  3 catoblepae (Lair:8)
  2 ogre magi
  3 shock serpents (Lair:5)
  2 orc high priests
  18 death yaks
  Urug (Orc:2)
  Nergalle (D:10)
  A soul eater (Orc:2)
  A swamp dragon (shapeshifter) (D:13)
  5 unseen horrors
  5 hill giants
  A lindwurm (Volcano)
  4 orc knights
  14 ugly things
  5 orc sorcerers
  A mana viper (Lair:5)
  2 manticores
  6 statues (Volcano)
  4 griffons
  3 cyclopes
  An oklob plant (Lair:7)
  A guardian serpent (Lair:5)
  2 centaur zombies
  6 black mambas
  3 gargoyles
  Psyche (Orc:3)
  9 spiny frogs
  3 centaur skeletons
  5 komodo dragons
  6 yaktaurs
  A kobold demonologist (D:15)
  A tengu conjurer (D:14)
  2 trolls
  Sonja (D:14)
  4 fire drakes
  2 two-headed ogres (D:15)
  9 blink frogs
  A snapping turtle (Lair:4)
  A basilisk (D:15)
  3 slime creatures (D:14)
  3 boulder beetles
  4 wyverns
  6 redbacks (D:15)
  A shadow (D:13)
  4 hungry ghosts
  A spriggan (D:14)
  51 yaks
  4 deep elf magi
  A steam dragon (Lair:5)
  A wraith (D:13)
  3 fire bats (Volcano)
  9 nagas
  6 vampire mosquitoes (D:12)
  14 hippogriffs
  10 swamp worms (Lair:3)
  A water moccasin (shapeshifter) (D:14)
  A soldier ant (D:12)
  15 water moccasins
  3 mottled dragons
  3 porcupines
  31 orc warriors
  7 ice beasts
  3 sky beasts
  12 ogres
  A swamp drake (Lair:2)
  2 phantoms (D:12)
  An eye of draining (D:13)
  A boring beetle (Lair:7)
  24 crocodiles
  4 centaurs
  Duvessa (D:7)
  A brain worm (Lair:3)
  2 big kobolds (D:15)
  6 giant frogs
  8 scorpions
  A wyvern skeleton (D:9)
  A water moccasin skeleton (D:7)
  5 jellies
  11 wights
  2 troll zombies (D:12)
  10 lava snakes (Volcano)
  3 electric eels
  9 killer bees
  3 giant frog zombies
  8 crimson imps
  Dowan (D:7)
  A gnoll shaman (D:5)
  12 hounds
  A wyvern simulacrum (D:14)
  A giant frog skeleton (D:7)
  28 orc priests
  14 iguanas
  30 orc wizards
  5 worker ants
  21 sheep
  A killer bee zombie (D:6)
  4 ogre zombies (D:12)
  A hound zombie (D:8)
  2 mummies
  Robin (D:2)
  25 adders
  12 gnolls
  46 river rats
  A shadow imp (D:15)
  4 giant mites
  8 worms (Lair:3)
  2 adder skeletons (D:6)
  3 adder zombies
  11 giant geckos
  An ooze (D:4)
  141 orcs
  A bat skeleton (D:6)
  A bat zombie (D:8)
  17 hobgoblins
  14 jackals
  21 kobolds
  9 quokkas
  3 ball pythons
  16 bats
  4 giant cockroaches
  A giant gecko zombie (D:5)
  14 giant newts
  3 giant spores
  29 goblins
  A goblin skeleton (D:12)
  A goblin zombie (D:12)
  A hobgoblin skeleton (D:12)
  A hobgoblin zombie (D:12)
  A jackal zombie (D:7)
  17 orc zombies
  12 rats
  5 ballistomycetes
  A fungus (D:10)
  3 plants
1017 creatures vanquished.

Vanquished Creatures (others)
  A black mamba (Snake:1)
  A gargoyle (D:14)
  A fire bat (Volcano)
  A naga (Snake:1)
  A water moccasin (Snake:1)
  An iguana (Lair:2)
  A rat (D:5)
  5 fungi
  3 plants
15 creatures vanquished.

Grand Total: 1032 creatures vanquished

Notes
Turn   | Place    | Note
--------------------------------------------------------------
     0 | D:1      | HAL9000, the Minotaur Fighter, began the quest for the Orb.
     0 | D:1      | Reached XP level 1. HP: 19/19 MP: 1/1
   503 | D:1      | Reached XP level 2. HP: 26/26 MP: 1/1
  1080 | D:2      | Reached skill level 4 in Shields
  1080 | D:2      | Reached XP level 3. HP: 28/31 MP: 2/2
  1172 | D:2      | Noticed Robin
  1380 | D:2      | Reached XP level 4. HP: 28/39 MP: 2/2
  1457 | D:2      | Found a shattered altar of Ashenzari.
  1559 | D:2      | Killed Robin
  1892 | D:2      | Reached skill level 5 in Shields
  2020 | D:3      | Reached skill level 5 in Long Blades
  2021 | D:3      | Reached XP level 5. HP: 41/45 MP: 2/2
  2390 | D:3      | Found an ancient bone altar of Kikubaaqudgha.
  2391 | D:3      | Found a white marble altar of Elyvilon.
  3287 | D:4      | Found an opulent altar of Gozag.
  3290 | D:4      | Noticed an ogre
  3294 | D:4      | Reached XP level 6. HP: 51/51 MP: 3/3
  3297 | D:3      | Reached skill level 6 in Shields
  3314 | D:4      | Killed an ogre
  3732 | D:4      | Reached skill level 7 in Shields
  3903 | D:4      | Reached XP level 7. HP: 51/57 MP: 3/3
  4042 | D:5      | Entered Level 5 of the Dungeon
  4413 | D:5      | Found Ypsudgh's Jewellery Emporium.
  4515 | D:5      | Noticed a wyvern
  4525 | D:5      | Killed a wyvern
  4609 | D:5      | Reached skill level 8 in Long Blades
  4924 | D:5      | Reached XP level 8. HP: 16/64 MP: 3/3
  5289 | D:6      | Found a glowing golden altar of the Shining One.
  5585 | D:6      | Got an ancient long sword
  5586 | D:6      | Identified the +4 long sword of the Forsaken Suns {flame, rC+} (You found it on level 6 of the Dungeon)
  5612 | D:6      | Reached skill level 9 in Long Blades
  5874 | D:6      | Got a jewelled buckler
  5885 | D:6      | Identified the +4 buckler of Ciek {rC+ Str+3} (You found it on level 6 of the Dungeon)
  6050 | D:6      | Found a deep blue altar of Sif Muna.
  6057 | D:6      | Found a snail-covered altar of Cheibriados.
  6452 | D:7      | Reached skill level 10 in Shields
  6505 | D:7      | Gained mutation: You passively map a small area around you. [potion of beneficial mutation]
  6512 | D:7      | Reached skill level 10 in Long Blades
  6573 | D:7      | Reached XP level 9. HP: 60/70 MP: 4/4
  6905 | D:7      | Noticed Dowan
  6907 | D:7      | Noticed Duvessa
  6911 | D:7      | Killed Dowan
  6918 | D:7      | Killed Duvessa
  6950 | D:7      | Got a scintillating lapis lazuli ring
  7026 | D:7      | Found a staircase to the Ecumenical Temple.
  7034 | Temple   | Entered the Ecumenical Temple
  7298 | Temple   | Became a worshipper of Warmaster Okawaru
  7331 | D:7      | Identified the ring "Masovecuu" {SustAb rPois rN+ Int+5 Stlth+} (You found it on level 7 of the Dungeon)
  7659 | D:8      | Reached skill level 11 in Shields
  7685 | D:8      | Found a staircase to the Lair.
  7942 | D:8      | Acquired Okawaru's first power
  7955 | D:8      | Reached skill level 5 in Fighting
  8040 | D:8      | Reached skill level 5 in Armour
  8870 | D:9      | Found Tohaif's General Store.
  8873 | D:9      | Bought a potion of heal wounds for 60 gold pieces
  8873 | D:9      | Bought a scroll of blinking for 90 gold pieces
  8895 | D:9      | Reached XP level 10. HP: 83/83 MP: 4/4
  9656 | D:10     | Entered Level 10 of the Dungeon
  9743 | D:10     | Found Enyf's Book Shoppe.
  9765 | D:10     | Found Pnupha's Jewellery Boutique.
  9887 | D:10     | Found Mno Tov's Armour Shoppe.
  9891 | D:10     | Noticed Nergalle
  9908 | D:10     | Noticed a spectral orc warlord
  9908 | D:10     | Killed Nergalle
  9908 | D:10     | Reached skill level 1 in Throwing
  9908 | D:10     | Reached skill level 12 in Shields
 10727 | D:11     | Found a deep blue altar of Sif Muna.
 10729 | D:11     | Noticed a hill giant
 10742 | D:11     | Killed a hill giant
 10921 | D:11     | Noticed a hill giant
 10928 | D:11     | Killed a hill giant
 10950 | D:11     | Reached XP level 11. HP: 88/94 MP: 4/4
 10996 | D:11     | Killed an unseen horror
 11282 | D:11     | Noticed a hill giant
 11290 | D:11     | Killed a hill giant
 11941 | D:12     | Acquired Okawaru's second power
 12130 | D:12     | Noticed a centaur warrior
 12246 | Lair:1   | Entered Level 1 of the Lair of Beasts
 12705 | Lair:1   | Found an iron altar of Okawaru.
 13027 | Lair:2   | Received a gift from Okawaru
 13382 | Lair:2   | Reached skill level 13 in Long Blades
 13558 | Lair:2   | Reached skill level 5 in Throwing
 13612 | Lair:2   | Found a dark tunnel.
 13630 | Volcano  | Entered a volcano
 14025 | Volcano  | Reached XP level 12. HP: 80/104 MP: 5/5
 14365 | Volcano  | Found a burning altar of Makhleb.
 14365 | Volcano  | Noticed a lindwurm
 14381 | Volcano  | Killed a lindwurm
 14386 | Volcano  | Received a gift from Okawaru
 14397 | Volcano  | Got a translucent greatsling {god gift}
 14401 | Volcano  | Identified the +9 greatsling "Tiec" {god gift, flame, SInv} (Okawaru gifted it to you in a volcano)
 15214 | Lair:3   | Reached skill level 10 in Armour
 15540 | Lair:3   | Reached skill level 10 in Fighting
 17357 | Lair:4   | Received a gift from Okawaru
 17365 | Lair:4   | Found a staircase to the Shoals.
 17666 | Lair:5   | Reached skill level 14 in Long Blades
 17722 | Lair:5   | Found a staircase to the Snake Pit.
 18372 | Lair:5   | Received a gift from Okawaru
 18384 | Lair:5   | Got an ancient leather armour {god gift}
 18395 | Lair:5   | Identified the +1 leather armour "Skurut" {god gift, Str+5} (Okawaru gifted it to you on level 5 of the Lair of Beasts)
 18808 | Lair:6   | Reached XP level 13. HP: 20/115 MP: 5/5
 19197 | Lair:6   | Gained mutation: You are agile. (Dex +2) [potion of beneficial mutation]
 19251 | Lair:6   | Noticed an eight-headed hydra
 19259 | Lair:6   | Killed a five-headed hydra
 19380 | Lair:6   | Noticed a five-headed hydra
 19389 | Lair:6   | Killed a one-headed hydra
 19803 | Lair:7   | Found a burning altar of Makhleb.
 20711 | Lair:8   | Entered Level 8 of the Lair of Beasts
 20884 | Lair:8   | Received a gift from Okawaru
 21557 | Lair:7   | Reached skill level 15 in Long Blades
 21730 | Lair:8   | Found a viscous altar of Jiyva.
 21730 | Lair:8   | Found a staircase to the Slime Pits.
 21912 | Lair:8   | Noticed Erica
 21920 | Lair:8   | Killed Erica
 22435 | Lair:8   | Reached XP level 14. HP: 111/126 MP: 5/5
 22445 | Lair:8   | Reached skill level 15 in Shields
 23337 | Lair:8   | Received a gift from Okawaru
 23829 | Lair:7   | Received a gift from Okawaru
 24128 | D:12     | Killed a centaur warrior
 24187 | D:12     | Found a staircase to the Orcish Mines.
 24283 | D:12     | Noticed an eight-headed hydra
 24291 | D:12     | Killed a five-headed hydra
 24493 | D:12     | Got a brightly glowing ring mail
 24495 | D:12     | Identified the +2 ring mail of Cycvuydgh {rElec rN+ Slay+6} (You found it on level 12 of the Dungeon)
 24527 | D:12     | Received a gift from Okawaru
 24651 | D:12     | Found Twofieze's Book Shoppe.
 25852 | D:13     | Received a gift from Okawaru
 26304 | D:14     | Received a gift from Okawaru
 26390 | D:14     | Noticed Sonja
 26405 | D:14     | Killed Sonja
 26908 | D:14     | Found Croskacs' Distillery.
 26919 | D:14     | Reached skill level 10 in Throwing
 26963 | D:14     | Bought a potion of heal wounds for 70 gold pieces
 26963 | D:14     | Bought a potion of beneficial mutation for 490 gold pieces
 26969 | D:14     | Gained mutation: Your natural rate of healing is unusually fast. [potion of beneficial mutation]
 27000 | D:14     | Reached skill level 16 in Long Blades
 27060 | D:14     | Received a gift from Okawaru
 27207 | D:14     | Found a gate to the Vaults.
 27259 | D:14     | Reached XP level 15. HP: 102/136 MP: 6/6
 27703 | D:15     | Entered Level 15 of the Dungeon
 27968 | D:15     | Noticed Rupert
 27970 | D:15     | Paralysed by Rupert for 7 turns
 27982 | D:15     | Killed Rupert
 28178 | D:15     | Received a gift from Okawaru
 28184 | D:15     | Got a faintly glowing large shield {god gift}
 28195 | D:15     | Identified the +0 large shield "Ykhlaen" {god gift, rN+} (Okawaru gifted it to you on level 15 of the Dungeon)
 28973 | D:15     | Reached skill level 17 in Shields
 29009 | D:15     | Found a staircase to the Depths.
 29408 | Orc:1    | Entered Level 1 of the Orcish Mines
 29428 | Orc:1    | Found Immet's Antique Weapon Shoppe.
 29496 | Orc:1    | Found Fed Sche's Food Emporium.
 29504 | Orc:1    | Bought a bloodstained scimitar for 198 gold pieces
 29511 | Orc:1    | Identified the cursed +1 scimitar of Annihilation {vamp, Noisy rC+ Str+9 Stlth+} (You bought it in a shop on level 1 of the Orcish Mines)
 29598 | Orc:1    | Found a bloodstained altar of Trog.
 29982 | Orc:2    | Noticed Urug
 29991 | Orc:2    | Killed Urug
 30168 | Orc:2    | Found a roughly hewn altar of Beogh.
 30172 | Orc:2    | Reached skill level 1 in Invocations
 30177 | Orc:2    | Reached skill level 1 in Dodging
 30327 | Orc:3    | Noticed Psyche
 30335 | Orc:3    | Killed Psyche
 30547 | Orc:4    | Entered Level 4 of the Orcish Mines
 31413 | Orc:4    | Found a staircase to the Elven Halls.
 31463 | Orc:4    | Received a gift from Okawaru
 31484 | Orc:4    | Found Rocsusm's Weapon Shoppe.
 31492 | Orc:4    | Found Rotas' Magic Scroll Shoppe.
 31493 | Orc:4    | Found Saacukao's Jewellery Emporium.
 31500 | Orc:4    | Found Crep's Magic Scroll Emporium.
 31519 | Orc:4    | Bought 3 scrolls of teleportation for 135 gold pieces
 31521 | Orc:4    | Bought a scroll of fog for 28 gold pieces
 32007 | Snake:1  | Entered Level 1 of the Snake Pit
 32024 | Lair:5   | Received a gift from Okawaru
 32548 | Snake:1  | Noticed Nikola
 32557 | Snake:1  | Paralysed by Nikola for 6 turns
 32560 | Snake:1  | HP: 4/136 [Nikola/chain lightning (18)]
 32925 | Snake:1  | Paralysed by Nikola for 6 turns
 32929 | Snake:1  | HP: 3/136 [Nikola/chain lightning (32)]
 32930 | Snake:1  | HP: 1/136 [Nikola/rapier of electrocution (3)]
 32930 | Snake:1  | Demolished by Nikola

Action                   |  1- 3 |  4- 6 |  7- 9 | 10-12 | 13-15 || total
-------------------------+-------+-------+-------+-------+-------++-------
Melee: Long sword        |    77 |   182 |   337 |  1120 |   815 ||  2531
       Eudemon blade     |       |       |       |       |   398 ||   398
       Double sword      |       |       |       |       |   270 ||   270
Throw: Tomahawk          |       |       |    10 |    22 |       ||    32
       Javelin           |       |       |       |       |    15 ||    15
Invok: Heroism           |       |       |     1 |     6 |    22 ||    29
       Finesse           |       |       |       |       |     1 ||     1
 Abil: Evoke Flight      |       |       |       |       |     1 ||     1
Evoke: Wand              |       |       |       |       |     1 ||     1
  Use: Potion            |     1 |     1 |     1 |       |     5 ||     8
       Scroll            |       |     9 |    11 |    12 |    13 ||    45
 Stab: Sleeping          |       |     1 |       |       |     3 ||     4
       Held in net/web   |       |       |       |     1 |       ||     1
       Petrifying        |       |       |       |       |     2 ||     2
       Petrified         |       |       |       |       |     3 ||     3
  Eat: Chunk             |     1 |     7 |    15 |    25 |    36 ||    84
       Pizza             |       |     1 |     1 |     3 |     3 ||     8
       Fruit             |       |       |       |     3 |    11 ||    14
       Royal jelly       |       |       |       |       |     2 ||     2
       Meat ration       |       |       |       |       |     1 ||     1
